 Dungeon Crawl Stone Soup version 0.9.0-27-g8a39726 character file.

85980 TheNewman the Tortoise (level 15, -1/131 (133) HPs)
             Began as a Mountain Dwarf Hunter on Dec 3, 2011.
             Was a High Priest of Okawaru.
             Succumbed to a red wasp's poison
             ... on Level 1 of the Swamp on Dec 6, 2011.
             The game lasted 05:53:08 (46593 turns).

TheNewman the Tortoise (Mountain Dwarf Hunter)     Turns: 46593, Time: 05:53:08

HP  -1/131 (133) AC 25     Str 25      XL: 15   Next: 58%
MP  22/24        EV 10     Int 10      God: Okawaru [*****.]
Gold 1759        SH 29     Dex 12      Spells:  2 memorised, 13 levels left

Res.Fire  : + . .   See Invis. : .   a - +2,+0 demon whip
Res.Cold  : + + .   Warding    : . . Z - +4 banded mail of the Cooper {rN+}
Life Prot.: + . .   Conserve   : .   p - +0 shield {rC+}
Res.Acid. : . . .   Res.Corr.  : .   e - +2 dwarf helmet
Res.Poison: +       Clarity    : +   V - +0 cloak (curse) {god gift}
Res.Elec. : +       Spirit.Shd : .   L - +0 pair of gauntlets {Str+3} {god gift}
Sust.Abil.: . .     Stasis     : .   R - +1 pair of boots (curse) {god gift}
Res.Mut.  : .       Ctrl.Telep.: +   m - amulet of clarity
Res.Rott. : .       Levitation : .   H - +3 ring of evasion
Saprovore : . . .   Ctrl.Flight: .   J - ring of teleport control

@: very poisoned, very slightly glowing, finesse, quite resistant to hostile
enchantments, extremely unstealthy
A: no striking features
a: Heroism, Finesse, Renounce Religion


You were on level 1 of the Swamp.
You worshipped Okawaru.
Okawaru was exalted by your worship.
You were hungry.

You visited 5 branches of the dungeon, and saw 29 of its levels.
You visited 3 portal chambers: ossuary, spiders nest, ice cave.

You collected 3343 gold pieces.
You spent 1604 gold pieces at shops.

Inventory:

Hand weapons
 a - a +2,+0 demon whip (weapon)
 b - a +0,+0 dwarven crossbow of velocity
 g - a +0,+0 short sword of distortion
Missiles
 u - 76 +0 bolts
 C - a poisoned +3 bolt
 T - 23 +2 bolts of flame {god gift}
 U - 13 silver +3 bolts {god gift}
Armour
 e - a +2 dwarven helmet (worn)
 p - a +0 shield of cold resistance (worn)
 L - a +0 pair of gauntlets of strength (worn) {god gift}
 R - a cursed +1 pair of boots (worn) {god gift}
 V - a cursed +0 cloak (worn) {god gift}
 Z - the +4 banded mail of the Cooper (worn) {rN+}
   (You bought it in a shop on level 4 of the Orcish Mines)

   It protects you from negative energy.
Magical devices
 i - a wand of disintegration (0)
 o - a wand of healing (0)
 D - a wand of frost (12)
 K - a wand of hasting (1)
 M - a wand of enslavement (0)
 N - a wand of fire (0)
Comestibles
 f - 7 bread rations
 j - a cheese
 q - 25 strawberries
 t - 3 sausages
 v - 3 pears
 w - 8 meat rations
 F - an apple
 G - a snozzcumber
 I - a royal jelly
Scrolls
 l - a scroll of detect curse
 n - a scroll of blinking
 r - 3 scrolls of teleportation
 s - a scroll of magic mapping
 y - a scroll of fog
 B - 2 scrolls of remove curse
 O - a scroll of enchant weapon I
Jewellery
 c - a cursed ring of levitation
 h - an uncursed amulet of the gourmand
 k - an uncursed amulet of resist corrosion
 m - an amulet of clarity (around neck)
 z - an uncursed amulet of resist mutation
 A - an uncursed ring of teleportation
 E - a cursed amulet of stasis
 H - a +3 ring of evasion (right hand)
 J - a ring of teleport control (left hand)
 P - an uncursed ring of life protection
 X - a cursed ring of fire
Potions
 x - 2 potions of brilliance


   Skills:
 + Level 15 Fighting
 - Level 1 Short Blades
 - Level 14 Maces & Flails
 - Level 10 Crossbows
 - Level 1 Throwing
 + Level 15 Armour
 - Level 2 Dodging
 - Level 1 Stealth
 - Level 1 Stabbing
 + Level 15 Shields
 - Level 10 Traps & Doors
 - Level 1 Unarmed Combat
 - Level 1 Spellcasting
 - Level 1 Transmutations
 - Level 8 Invocations
 - Level 10 Evocations


You had 13 spell levels left.
You knew the following spells:

 Your Spells              Type           Power        Success   Level  Hunger
a - Fulsome Distillation  Trmt/Necr      N/A          Useless     1    Strawberry
b - Evaporate             Fire/Trmt      #.........   Useless     2    Choko

Dungeon Overview and Level Annotations

Branches:
Dungeon (15/27)            Temple (1/1) D:4             Orc (4/4) D:10
    Elf (0/5) Orc:3          Lair (8/8) D:9           Swamp (1/5) Lair:3
  Slime (0/6) Lair:8        Snake (0/5) Lair:4         Hive (0/2) D:15
  Vault (0/8) D:14

Altars:
Ashenzari
Cheibriados
Elyvilon
Fedhas
Kikubaaqudgha
Makhleb
Nemelex Xobeh
Okawaru
Sif Muna
The Shining One
Trog
Vehumet
Xom
Yredelemnul
Zin
Beogh

Shops:
D:5: [ D:8: % D:12: ( Orc:1: + Orc:2: = Orc:4: *%+/

Portals:
Hell: Lair:8


Message History

* * * LOW HITPOINT WARNING * * *
You feel sick.
You start resting.
* * * LOW HITPOINT WARNING * * *
You feel sick.
You feel a little better.
You start resting.
* * * LOW HITPOINT WARNING * * *
You feel sick.
You feel a little better.
You start resting.
You feel yourself speed up.
* * * LOW HITPOINT WARNING * * *
You feel very sick.
You start resting.
* * * LOW HITPOINT WARNING * * *
You feel sick.
You feel a little better.
You start resting.
You die...

≈§♣≈♣≈≈≈..≈
.≈≈.≈§..≈≈≈≈≈≈
≈.≈.≈≈..≈≈≈≈≈≈≈
≈≈≈≈≈>≈.≈≈≈≈§≈..
≈≈.§♣≈≈.≈≈≈≈....≈
§.≈..≈♣..≈≈≈...≈≈
.≈≈.≈.≈.≈≈≈≈...≈≈
≈♣♣.§...≈≈≈≈≈≈≈≈≈
♣≈♣.....@...≈≈≈≈≈
♣≈≈§≈♣.....≈.≈§≈≈
≈♣≈♣≈≈≈§.≈≈≈≈≈≈..
♣§♣≈≈≈≈..≈≈≈≈..≈≈
♣≈≈.≈≈≈...≈≈..≈≈♣
♣♣♣.≈≈≈.....§≈≈≈♣
{♣≈♣§.§≈...≈§≈♣♣
♣≈≈≈♣♣≈♣≈≈≈≈≈♣♣
≈♣♣≈≈≈§♣♣≈♣♣


There were no monsters in sight!

Vanquished Creatures
  Aizul (D:14)
  Jozef (Lair:1)
  A dire elephant (Lair:8)
  Josephine (D:10)
  2 ice dragons (Port)
  9 hydras
  Nessos (D:14)
  A wizard (Lair:8)
  9 death yaks
  5 orc high priests (Orc:4)
  A centaur warrior (D:15)
  2 dancing weapons (D:14)
  A catoblepas (Lair:5)
  A naga warrior (Lair:4)
  Erolcha (D:11)
  An orc knight (Orc:4)
  2 ice statues (Port)
  2 orc sorcerers
  Joseph (Lair:2)
  Urug (D:15)
  A hydra zombie (D:12)
  2 griffons
  A red wasp (Swamp:1)
  5 hill giants
  2 cyclopes
  5 black mambas
  An elephant slug (Lair:8)
  2 trapdoor spiders (Port)
  3 hellwings (Lair:8)
  A giant toad zombie (D:14)
  A yaktaur (shapeshifter) (D:12)
  2 weapon mimics
  7 slime creatures
  A sixfirhy (Orc:4)
  2 wolf spiders
  An orange demon (Orc:4)
  An eye of devastation (Lair:8)
  3 guardian mummies (D:13)
  Psyche (D:11)
  10 spiny frogs
  6 trolls
  A spriggan (shapeshifter) (D:14)
  6 ugly things
  Sonja (D:9)
  9 komodo dragons
  A smoke demon (Orc:3)
  A polar bear (Lair:8)
  A bog mummy (Swamp:1)
  2 ravens (Lair:6)
  4 blink frogs
  3 baby alligators (Swamp:1)
  A rock troll skeleton (D:15)
  18 giant toads
  4 basilisks
  A bumblebee (shapeshifter) (D:14)
  A blink frog skeleton (D:10)
  A wraith (D:11)
  A wyvern (Lair:5)
  Eustachio (D:10)
  2 hungry ghosts
  Grum (Orc:3)
  6 hippogriffs
  2 steam dragons
  3 vampire mosquitoes
  26 yaks
  3 fire drakes
  A ynoxinul (Orc:4)
  Edmund (D:5)
  8 necrophages
  Menkaure (D:4)
  21 war dogs
  A swamp worm (Swamp:1)
  A cyclops zombie (D:13)
  3 mottled dragons
  5 red devils
  22 ice beasts
  21 orc warriors
  A giant goldfish (D:15)
  3 nagas
  2 sky beasts
  A swamp drake (D:9)
  A rotting devil (Lair:8)
  20 centaurs
  A hippogriff zombie (D:10)
  A troll zombie (D:13)
  2 boring beetles
  2 wolves
  6 wargs (Orc:4)
  13 crocodiles
  7 giant slugs
  A big kobold (D:15)
  10 ogres
  A giant frog zombie (D:10)
  2 centaur zombies (Port)
  9 water moccasins
  2 tarantellas (Port)
  A yellow wasp zombie (D:13)
  10 agate snails
  A soldier ant zombie (D:9)
  Blork the orc (D:7)
  A giant leech (Lair:3)
  19 giant frogs
  16 killer bees
  3 wights
  A boulder beetle (Lair:6)
  An eye of draining (Lair:8)
  5 imps
  3 goliath beetles
  53 orc priests
  4 big kobold zombies
  11 hounds
  3 big kobold skeletons
  20 orc wizards
  2 shadows
  A hound skeleton (D:10)
  A quasit (D:14)
  13 scorpions
  A worker ant zombie (D:8)
  13 iguanas
  11 worker ants
  11 porcupines
  6 sheep (Lair:3)
  4 jellies
  A steam dragon skeleton (D:10)
  3 goliath beetle zombies
  8 mummies
  10 gnolls
  A giant centipede zombie (D:14)
  2 snake zombies
  A snake skeleton (D:5)
  12 white imps (D:12)
  21 giant centipedes
  26 green rats
  20 snakes
  5 giant mites
  An iguana skeleton (D:13)
  An iguana zombie (D:6)
  15 ufetubi
  3 worms
  A grey rat (D:10)
  2 bat zombies
  3 giant eyeballs
  A gnoll zombie (Port)
  7 giant geckos
  A gnoll skeleton (D:4)
  2 oozes
  237 orcs
  11 giant cockroaches
  24 hobgoblins
  14 kobolds
  8 quokkas
  21 bats
  A giant gecko zombie (D:10)
  11 giant newts
  2 giant spores
  18 goblins
  3 goblin zombies (Port)
  2 hobgoblin zombies (Port)
  7 jackals
  2 orc skeletons
  8 orc zombies
  A quokka skeleton (D:4)
  33 rats
  3 small snakes
  7 ballistomycetes
  4 fungi
  4 plants
  6 toadstools
1162 creatures vanquished.

Vanquished Creatures (others)
  2 slime creatures (D:13)
  A giant toad (D:10)
  A yak (Lair:1)
  2 water moccasins
  An imp (D:10)
  A hound (D:10)
  2 porcupines
  2 snakes
  2 orcs
  A giant spore (D:10)
  A rat (D:1)
  20 fungi
  14 plants
  16 toadstools
66 creatures vanquished.

Grand Total: 1228 creatures vanquished

Notes
Turn   | Place    | Note
--------------------------------------------------------------
     0 | D:1      | TheNewman, the Mountain Dwarf Hunter, began the quest for the Orb.
     0 | D:1      | Reached XP level 1. HP: 17/17 MP: 0/0
   150 | D:1      | Reached XP level 2. HP: 24/24 MP: 1/1
   187 | D:1      | Found a shimmering altar of Xom.
   233 | D:1      | Reached skill level 1 in Armour
   714 | D:1      | Reached XP level 3. HP: 27/29 MP: 2/2
  1635 | D:2      | Reached skill level 1 in Short Blades
  1851 | D:2      | Reached skill level 6 in Crossbows
  1857 | D:2      | Reached XP level 4. HP: 28/37 MP: 2/2
  2585 | D:3      | Reached XP level 5. HP: 34/44 MP: 3/3
  3345 | D:3      | Found a deep blue altar of Sif Muna.
  3580 | D:4      | Found a staircase to the Ecumenical Temple.
  3589 | Temple   | Entered the Ecumenical Temple
  3599 | Temple   | Became a worshipper of Warmaster Okawaru
  3673 | D:4      | Noticed Menkaure
  3683 | D:4      | Defeated Menkaure
  3683 | D:4      | Reached skill level 5 in Fighting
  3683 | D:4      | Reached skill level 1 in Stealth
  3683 | D:4      | Reached XP level 6. HP: 49/51 MP: 4/4
  4338 | D:5      | Entered Level 5 of the Dungeon
  4368 | D:5      | Reached skill level 5 in Armour
  4406 | D:5      | Reached skill level 1 in Maces & Flails
  4420 | D:5      | Noticed Edmund
  4844 | D:5      | Found Psaufac's Antique Armour Shop.
  4852 | D:5      | Bought a glowing shield for 72 gold pieces
  4987 | D:5      | Found a basalt altar of Yredelemnul.
  5142 | D:5      | Defeated Edmund
  5142 | D:5      | Reached XP level 7. HP: 17/59 MP: 4/4
  5616 | D:6      | Acquired Okawaru's first power
  5823 | D:6      | Reached skill level 1 in Shields
  6482 | D:6      | Found a sand-covered staircase. 6486
                  | ossuary
                  | Entered a tomb 6523
                  | ossuary
                  | Reached XP level 8. HP: 59/67 MP: 5/5 6598
                  | ossuary
                  | Reached skill level 7 in Fighting
  6788 | D:6      | Reached skill level 1 in Traps & Doors
  7332 | D:7      | Found a burning altar of Makhleb.
  7656 | D:7      | Noticed Blork the orc
  7670 | D:7      | Defeated Blork the orc
  7726 | D:7      | Reached skill level 5 in Maces & Flails
  7726 | D:7      | Reached skill level 1 in Spellcasting
  8167 | D:8      | Found Papt's Food Shop.
  8231 | D:8      | Reached skill level 1 in Throwing
  8264 | D:8      | Reached skill level 1 in Invocations
  8266 | D:8      | Reached XP level 9. HP: 66/73 MP: 8/8
  8301 | D:8      | Reached skill level 5 in Shields
  8390 | D:8      | Paralysed by a giant eyeball for 4 turns
  8499 | D:8      | Noticed MirrMurr's ghost (experienced FeBe)
  8936 | D:8      | Reached skill level 1 in Stabbing
 10012 | D:9      | Reached skill level 8 in Maces & Flails
 10276 | D:9      | Reached XP level 10. HP: 48/81 MP: 8/8
 10325 | D:9      | Noticed Maurice
 10333 | D:10     | Entered Level 10 of the Dungeon
 10346 | D:10     | Noticed Sonja
 10383 | D:9      | INSANE
 10679 | D:9      | Reached skill level 9 in Maces & Flails
 11213 | D:9      | Found a staircase to the Lair.
 11219 | D:9      | Reached skill level 10 in Maces & Flails
 11568 | Lair:1   | Entered Level 1 of the Lair of Beasts
 11702 | Lair:1   | Reached skill level 10 in Shields
 12974 | Lair:1   | Reached XP level 11. HP: 74/91 MP: 12/14
 13060 | Lair:1   | Noticed Jozef
 13078 | Lair:1   | Defeated Jozef
 13078 | Lair:1   | Reached skill level 5 in Invocations
 13692 | Lair:2   | Reached skill level 10 in Fighting
 13722 | Lair:2   | Noticed Joseph
 13737 | Lair:2   | Defeated Joseph
 14300 | Lair:2   | Reached skill level 10 in Armour
 14972 | Lair:3   | Reached skill level 1 in Evocations
 15450 | Lair:3   | Acquired Okawaru's second power
 15709 | Lair:3   | Reached skill level 5 in Traps & Doors
 15892 | Lair:3   | Found a staircase to the Swamp.
 17689 | Lair:4   | Reached XP level 12. HP: 79/98 MP: 21/21
 18172 | Lair:4   | Found a staircase to the Snake Pit.
 18202 | Lair:4   | Received a gift from Okawaru
 18544 | Lair:4   | Reached skill level 10 in Traps & Doors
 19970 | Lair:5   | Reached skill level 1 in Unarmed Combat
 19997 | Lair:5   | Reached skill level 11 in Armour
 23168 | Lair:7   | Reached skill level 12 in Armour
 23625 | Lair:7   | Reached XP level 13. HP: 103/106 MP: 21/21
 25079 | Lair:8   | Entered Level 8 of the Lair of Beasts
 25198 | Lair:8   | Reached skill level 13 in Armour
 25339 | Lair:8   | Found a staircase to the Slime Pits.
 25957 | Lair:8   | Found a crumbling entrance.
 25966 | Spider   | Entered a spider's nest
 26192 | Lair:8   | HP: 5/109 [poisoned by a wolf spider]
 26197 | Lair:8   | HP: 2/109 [poisoned by a wolf spider]
 26208 | Lair:8   | HP: 2/109 [poisoned by a wolf spider]
 26213 | Lair:8   | HP: 2/109 [poisoned by a wolf spider]
 26218 | Lair:8   | HP: 1/109 [poisoned by a wolf spider]
 27967 | Lair:8   | Reached skill level 14 in Armour
 28032 | Lair:8   | Found a burning altar of Makhleb.
 28117 | Lair:8   | Paralysed by a giant eyeball for 4 turns
 28124 | Lair:8   | Paralysed by a giant eyeball for 2 turns
 28750 | Lair:8   | Reached XP level 14. HP: 115/115 MP: 22/22
 29413 | Lair:8   | Found a gateway to Hell.
 30353 | D:10     | Noticed Josephine
 30373 | D:9      | Defeated Sonja
 30436 | D:10     | Noticed a steam dragon skeleton
 30454 | D:10     | Reached XP level 13. HP: 97/107 MP: 21/21
 30460 | D:10     | Defeated Josephine
 30460 | D:10     | Reached XP level 14. HP: 97/115 MP: 22/22
 30476 | D:10     | Defeated a steam dragon skeleton
 30732 | D:10     | Noticed Eustachio
 30752 | D:10     | Defeated Eustachio
 31063 | D:10     | Found a staircase to the Orcish Mines.
 31077 | Orc:1    | Entered Level 1 of the Orcish Mines
 31077 | Orc:1    | Found Zuow's Book Shop.
 31255 | Orc:2    | Found a shimmering altar of Xom.
 31341 | Orc:2    | Found Hutsis Mutwe's Jewellery Shoppe.
 31772 | Orc:1    | Received a gift from Okawaru
 33093 | Orc:3    | Noticed Grum
 33106 | Orc:3    | Defeated Grum
 33121 | Orc:3    | Found a staircase to the Elven Halls.
 33195 | Orc:4    | Entered Level 4 of the Orcish Mines
 33486 | Orc:4    | Received a gift from Okawaru
 33488 | Orc:4    | Got an ancient ankus {god gift}
 33489 | Orc:4    | Identified the ankus of Cowardice {god gift, flame, rElec rPois rF+ Str+3 Dex+4} (Okawaru gifted it to you on level 4 of the Orcish Mines)
 34007 | Orc:4    | Noticed an orc high priest
 34020 | Orc:4    | Defeated an orc high priest
 34209 | Orc:4    | Noticed an orc high priest
 34278 | Orc:4    | Defeated an orc high priest
 34484 | Orc:4    | Received a gift from Okawaru
 34505 | Orc:4    | Reached skill level 5 in Evocations
 34723 | Orc:4    | Received a gift from Okawaru
 34750 | Orc:4    | Noticed an orc high priest
 34776 | Orc:4    | Defeated an orc high priest
 34785 | Orc:4    | Found Kiot's Book Shop.
 34785 | Orc:4    | Found Senut's Magical Wand Shoppe.
 34972 | Orc:4    | Bought a wand of healing (2) for 432 gold pieces
 35042 | Orc:4    | Bought a book of Stalking for 520 gold pieces
 35080 | Orc:4    | Learned a level 1 spell: Fulsome Distillation
 35093 | Orc:4    | Learned a level 2 spell: Evaporate
 35188 | Orc:4    | Noticed an orc high priest
 35198 | Orc:4    | Defeated an orc high priest
 35694 | Orc:4    | Found a roughly hewn altar of Beogh.
 35781 | Orc:4    | Received a gift from Okawaru
 35977 | Orc:4    | Noticed an orc high priest
 36236 | Orc:4    | Found Kucaux's Assorted Antiques.
 36236 | Orc:4    | Found Mita's Food Shoppe.
 36252 | Orc:4    | Defeated an orc high priest
 36272 | Orc:4    | Bought a faintly humming banded mail for 580 gold pieces
 36316 | Orc:4    | Identified the +4 banded mail of the Cooper (You bought it in a shop on level 4 of the Orcish Mines)
 36516 | Orc:4    | Received a gift from Okawaru
 36829 | Orc:3    | Received a gift from Okawaru
 38098 | D:11     | Noticed Erolcha
 38117 | D:11     | Defeated Erolcha
 38283 | D:11     | Noticed Psyche
 38295 | D:11     | Defeated Psyche
 38354 | D:11     | Reached skill level 10 in Crossbows
 39223 | D:12     | Reached skill level 1 in Transmutations
 39244 | D:12     | Found a frozen archway.
 39275 | IceCv    | Entered an ice cave
 39319 | IceCv    | Received a gift from Okawaru
 39909 | IceCv    | Reached skill level 10 in Evocations
 40168 | D:12     | Found Tritt's Antique Weapon Emporium.
 40701 | D:12     | Noticed a yaktaur
 40710 | D:12     | Defeated a yaktaur
 41725 | D:13     | Received a gift from Okawaru
 42220 | D:14     | Noticed Nessos
 42242 | D:14     | Defeated Nessos
 42321 | D:14     | Reached XP level 15. HP: 46/128 MP: 24/24
 42656 | D:14     | Noticed a bumblebee
 42672 | D:14     | Defeated a bumblebee
 42868 | D:14     | Noticed a short sword
 42869 | D:14     | Noticed a hand axe
 42870 | D:14     | Defeated a short sword
 42886 | D:14     | Defeated a hand axe
 42986 | D:14     | Found a staircase to the Vaults.
 43080 | D:14     | Reached skill level 15 in Armour
 43553 | D:14     | Noticed Aizul
 43599 | D:14     | Defeated Aizul
 43599 | D:14     | Reached skill level 15 in Fighting
 43599 | D:14     | Reached skill level 15 in Shields
 43616 | D:14     | HP: 6/131 [poisoned by Aizul (bolt of poison)]
 44191 | D:15     | Entered Level 15 of the Dungeon
 44572 | D:15     | Found a staircase to the Hive.
 44585 | D:15     | Noticed Urug
 44656 | D:15     | Defeated Urug
 45636 | D:11     | Received a gift from Okawaru
 45868 | Swamp:1  | Entered Level 1 of the Swamp
 46570 | Swamp:1  | Paralysed by a red wasp for 3 turns
 46574 | Swamp:1  | Paralysed by a red wasp for 3 turns
 46587 | Swamp:1  | HP: 6/131 [poisoned by a red wasp]
 46591 | Swamp:1  | HP: 2/131 [poisoned by a red wasp]
 46593 | Swamp:1  | Succumbed to a red wasp's poison
